 Dungeon Crawl Stone Soup version 0.26-a0-712-ga5a9c9c9d0 (webtiles) character file.

Game seed: 11164435513186239872

26 kae the Ruffian (level 3, -3/31 HPs)
             Began as a Naga Transmuter on Nov 3, 2020.
             Slain by an adder (4 damage)
             ... on level 1 of the Dungeon.
             The game lasted 00:00:49 (1568 turns).

kae the Ruffian (Naga Transmuter)                   Turns: 1568, Time: 00:00:50

Health: -3/31      AC:  2    Str: 13    XL:     3   Next: 8%
Magic:  5/6        EV: 10    Int: 13    God:
Gold:   46         SH:  0    Dex: 11    Spells: 2/6 levels left

rFire    . . .     SeeInvis +     - Unarmed
rCold    . . .     Faith    .   (no shield)
rNeg     . . .     Spirit   .   a - +0 robe
rPois    +         Reflect  .   (helmet currently unavailable)
rElec    .         Harm     .   (no cloak)
rCorr    .         Rampage  .   (no gloves)
MR       .....                  (no barding)
Stlth    +.........             (no amulet)
HPRegen  0.10/turn              (no ring)
MPRegen  0.10/turn              (no ring)

@: short of breath, appendages (expiring), very slow
A: large, horns 2, see invisible, deformed body, poison resistance, slowness 2,
spit poison 1, AC +1
a: Spit Poison, End Transformation


You were on level 1 of the Dungeon.
You had grown temporary horns.
You visited 1 branch of the dungeon, and saw 2 of its levels.

You collected 46 gold pieces.

Inventory:

Armour
 a - a +0 robe (worn)
Scrolls
 c - a scroll of enchant weapon {unknown}
 d - 3 scrolls of identify {unknown}
 e - a scroll of fear {unknown}
Potions
 b - a potion of brilliance {unknown}
 f - a potion of heal wounds {unknown}


   Skills:
 - Level 1.0 Fighting
 - Level 1.5 Dodging
 + Level 3.4 Unarmed Combat
 - Level 2.0 Spellcasting
 * Level 3.1 Transmutations
 * Level 0.0 Poison Magic


You had 2 spell levels left.
You knew the following spells:

 Your Spells              Type           Power        Failure   Level
a - Beastly Appendage     Tmut           #.....       7%          1
b - Spider Form           Tmut/Pois      #.........   38%         3

Your spell library contained the following spells:

 Spells                   Type           Power        Failure   Level
 Wereblood                Tmut           #.......     11%         2
 Ice Form                 Ice/Tmut       #.......     80%         4
 Blade Hands              Tmut           #.........   89%         5


Dungeon Overview and Level Annotations

Branches:
Dungeon (2/15)

Altars:


Innate Abilities, Weirdness & Mutations

You cannot wear boots.
Your serpentine skin is tough. (AC +1)
You have supernaturally acute eyesight. (SInv)
Armour fits poorly on your strangely shaped body.
Your system is resistant to poisons. (rPois)
You cover ground very slowly.
You can spit poison.
You have a pair of horns on your head.


Message History

The adder bites you.
* * * LOW HITPOINT WARNING * * *
You climb upwards.
You have got your breath back.
There is a stone staircase leading down here.
You completely miss the adder.
The adder is lightly wounded.
Your transformation is almost over.
The adder bites you.
* * * LOW HITPOINT WARNING * * *
You barely miss the adder. Your headbutt misses the adder.
The adder is lightly wounded.
The adder bites you.
* * * LOW HITPOINT WARNING * * *
Press: ? - help, Shift-Dir - straight line, f - adder
Aim: an adder (lightly wounded)
The splash of poison hits the adder!
The adder is poisoned.
The adder is almost dead.
The adder bites you.
You die...

...........##.#.####...##########
.....#.#.#....#..................
.....#.#.#..................#####
.....#.#.#...###............#
....##.#.+...+..............#
.......###...###.#'#....#+###
......####...###.#.#....#.#
#####............#.#....#.#
...............S@#.#....#.#
............###..#.#....#.#
............# #..#.#....#.#
............# #..#.#....#.#######
............# #..#.+....+....)..#
............# #..###....#.#####.#
............# #...........### #.#
####......#####.............# #.#
####.#........#.............# #.#


You could see an adder (poisoned).

Vanquished Creatures
  An ooze (D:2)
  A worm (D:2)
  2 dart slugs (D:1)
  A bat (D:1)
  A goblin (D:1)
  3 hobgoblins
  2 kobolds (D:1)
  2 frilled lizards (D:1)
  3 rats (D:1)
16 creatures vanquished.

Vanquished Creatures (others)
  A plant (D:1)
1 creature vanquished.

Grand Total: 17 creatures vanquished

Notes
Turn   | Place    | Note
-------+----------+-------------------------------------------
     0 | D:1      | kae the Naga Transmuter began the quest for the Orb.
     0 | D:1      | Reached XP level 1. HP: 18/18 MP: 3/3
   273 | D:1      | Reached XP level 2. HP: 22/25 MP: 3/5
  1479 | D:2      | Reached XP level 3. HP: 14/31 MP: 4/6
  1484 | D:2      | Learned a level 3 spell: Spider Form
  1567 | D:1      | HP: 1/31 [adder (5)]
  1568 | D:1      | Slain by an adder

Illustrated notes

Levels and vault maps discovered:
D:1:      dpeg_arrival_connections, layout_basic, hangedman_decor_growths,
          minmay_shallow_snake_nest
D:2:      layout_basic, old_standard_altar, chequers_ecumenical_altar_island

Skill      XL: |  1  2 |
---------------+-------+-----
Transmutations | 3 |  3.1
Fighting       | |  1.0
Dodging        | |  1.5
Unarmed Combat | |  3.4
Spellcasting   | |  2.0

Action                   || total
-------------------------++-------
Melee: Unarmed           ||    62
       Punch             ||     1
       Headbutt          ||     5
 Cast: Beastly Appendage ||    13
 Abil: Spit Poison       ||     6
Armor: Robe              ||     3
Dodge: Dodged            ||    25

Table legend: (Time is in decaauts)
 A = Elapsed time spent in this place.
 B = Non-inter-level travel time spent in this place.
 C = Inter-level travel time spent in this place.
 D = Time resting spent in this place.
 E = Time spent auto-exploring this place.
 F = Levels seen in this place.
 G = Mean time per level.
                   A        B        C        D        E       F      G
               +--------+--------+--------+--------+--------+-----+--------+
         Total |   1890 |   1822 |     68 |      2 |   1641 |   2 |  945.0 |
       Dungeon |   1890 |   1822 |     68 |      2 |   1641 |   2 |  945.0 |
               +--------+--------+--------+--------+--------+-----+--------+

Top non-repeatable levels by time:
     D:1: 1583 daAuts
     D:2: 306 daAuts
